 Dungeon Crawl Stone Soup version 0.28.0-53-g5a82cb258f (webtiles) character file.

Game seed: 14908455426444962508

626 Sin92 the Skirmisher (level 7, -2/55 HPs)
             Began as a Demonspawn Fighter on June 12, 2022.
             Slain by an orc warrior
             ... wielding a +0 battleaxe
              (13 damage)
             ... on level 5 of the Dungeon.
             The game lasted 00:05:10 (5630 turns).

Sin92 the Skirmisher (Demonspawn Fighter)           Turns: 5630, Time: 00:05:11

Health: -2/55      AC: 11    Str: 17    XL:     7   Next: 23%
Magic:  7/7        EV:  7    Int:  9    God:
Gold:   185        SH:  5    Dex: 14    Spells: 6/6 levels left

rFire   . . .      SeeInvis .   a - +0 war axe
rCold   . . .      Faith    +   c - +0 buckler
rNeg    . . .      Spirit   .   f - +0 chain mail
rPois   .          Reflect  .   (no helmet)
rElec   .          Harm     .   m - +1 cloak {rCorr}
rCorr   +          Rampage  .   (no gloves)
Will    .....                   (no boots)
Stlth   ..........              e - amulet of faith
HPRegen 0.18/turn               (no ring)
MPRegen 0.10/turn               (no ring)

@: no status effects
A: powered by death 1, powered by pain 2, demonic touch 1
a: no special abilities


You were on level 5 of the Dungeon.
You visited 1 branch of the dungeon, and saw 5 of its levels.

You collected 185 gold pieces.

Inventory:

Hand Weapons
 a - a +0 war axe (weapon)
Armour
 b - a +0 scale mail
 c - a +0 buckler (worn)
 f - a +0 chain mail (worn)
 m - a +1 cloak of preservation (worn)
Jewellery
 e - an amulet of faith (around neck)
 j - a +6 ring of intelligence
Wands
 o - a wand of acid (12)
Scrolls
 l - a scroll of teleportation
 n - a scroll of blinking {unknown}
Potions
 d - 2 potions of might
 g - 2 potions of ambrosia
 h - a potion of berserk rage
 i - 3 potions of mutation
 k - a potion of curing {unknown}


   Skills:
 + Level 4.5 Fighting
 + Level 3.5 Axes
 + Level 4.1 Armour
 + Level 2.9 Dodging
 + Level 4.1 Shields


You had 6 spell levels left.
You didn't know any spells.
Your spell library was empty.

Dungeon Overview and Level Annotations

Branches:
Dungeon (5/15)
 Temple: D:4-7

Altars:
Makhleb
Xom


Innate Abilities, Weirdness & Mutations

You regenerate a little health from kills.
You sometimes gain power by taking damage.
Your touch may inflict minor irresistible damage on your foes.


Message History

You block the orc warrior's attack.
The orc warrior hits you with a +0 battleaxe!
There are monsters nearby!
You hit the orc warrior.
The orc warrior is severely wounded.
You block the orc warrior's attack.
Unknown command.
You slash the orc warrior!
The orc warrior is almost dead.
The orc priest calls upon Beogh to heal the orc warrior.
The orc warrior is healed somewhat.
The orc warrior hits you but does no damage.
You barely miss the orc warrior.
The orc warrior is severely wounded.
The orc throws a stone.
The stone hits you but does no damage. You block the orc warrior's attack.
The orc priest calls down the wrath of Beogh upon you.
You struggle to resist.
Unknown command.
You hit the orc warrior but do no damage.
The orc warrior is severely wounded.
You slash the orc!
You kill the orc!
You closely miss the orc priest.
The orc warrior hits you with a +0 battleaxe!
The orc throws a stone.
The stone hits you.
The orc priest calls down the wrath of Beogh upon you.
Beogh smites you!
You are too injured to fight recklessly!
Unknown command.
You are too injured to fight recklessly!
Unknown command.
You are too injured to fight recklessly!
You barely miss the orc priest. You completely miss the orc warrior.
The orc warrior hits you with a +0 battleaxe!
* * * LOW HITPOINT WARNING * * *
The orc throws a stone.
The stone hits you but does no damage. You block the orc priest's attack.
The orc warrior hits you with a +0 battleaxe!
You die...

#..# .... #
#..##.... ##.
#..#...# ..#
#.....# ##.# #....#
#...###o..#
#...#.o## #.o@).#
#..##...# ###
##..## #...#..
##....# #...# ###
##..#..## #...#
#.###..###..##....#
##...### ##.......#
##### #...##..# #.#
##..#


You could see an orc warrior, an orc priest and an orc.

Vanquished Creatures
  An ogre (D:3)
  A centaur (D:5)
  A crimson imp (D:5)
  A gnoll shaman (D:3)
  Crazy Yiuf (D:2)
  A bullfrog skeleton (D:5)
  An iguana (D:5)
  Natasha (twice) (D:2)
  2 orc wizards
  A hound skeleton (D:5)
  5 gnolls
  8 adders
  2 ufetubi (D:4)
  An adder skeleton (D:4)
  A worm (D:2)
  A dart slug (D:2)
  10 orcs
  3 bats
  3 endoplasms
  3 giant cockroaches
  8 goblins
  3 hobgoblins
  2 jackals (D:2)
  8 ball pythons
  3 frilled lizards
  4 kobolds
  2 rats
79 creatures vanquished.

Notes
Turn   | Place    | Note
-------+----------+-------------------------------------------
     0 | D:1      | Sin92 the Demonspawn Fighter began the quest for the Orb.
     0 | D:1      | Reached XP level 1. HP: 18/18 MP: 1/1
   265 | D:1      | Gained mutation: You sometimes gain a little power by
                  | taking damage. [demonic ancestry]
   265 | D:1      | Reached XP level 2. HP: 24/24 MP: 2/2
   927 | D:2      | Reached skill level 1 in Dodging
   927 | D:2      | Reached XP level 3. HP: 24/29 MP: 3/3
  1552 | D:2      | Noticed Natasha
  1559 | D:2      | Killed Natasha
  1560 | D:2      | Gained mutation: You sometimes gain power by taking damage.
                  | [demonic ancestry]
  1560 | D:2      | Reached XP level 4. HP: 33/35 MP: 4/4
  1580 | D:2      | Found a runed translucent door.
  1581 | D:2      | Noticed Crazy Yiuf
  1863 | D:2      | Killed Crazy Yiuf
  2332 | D:2      | Noticed Natasha
  2340 | D:2      | Killed Natasha
  2341 | D:2      | Gained mutation: You regenerate a little health from kills.
                  | [demonic ancestry]
  2341 | D:2      | Reached XP level 5. HP: 35/42 MP: 5/5
  2626 | D:3      | Noticed an ogre
  2634 | D:3      | Killed an ogre
  2983 | D:3      | Reached XP level 6. HP: 24/48 MP: 6/6
  3581 | D:3      | Found a faded altar of an unknown god.
  3974 | D:3      | HP: 1/48 [gnoll shaman/+0 whip (4)]
  4901 | D:5      | Entered Level 5 of the Dungeon
  5144 | D:5      | Found a burning altar of Makhleb.
  5144 | D:5      | Found a shimmering altar of Xom.
  5178 | D:5      | Gained mutation: Your touch may inflict minor irresistible
                  | damage on your foes. [demonic ancestry]
  5178 | D:5      | Reached XP level 7. HP: 55/55 MP: 7/7
  5630 | D:5      | Slain by an orc warrior

Illustrated notes

Levels and vault maps discovered:
D:1:      grunt_arrival_lava_bath, layout_basic, minmay_worlds_worst_comb
D:2:      layout_basic, serial_curves, eino_curves_01, eino_curves_01,
          nicolae_elevator_lobby_asterisk, uniq_crazy_yiuf_cottage, uniq_natasha
D:3:      layout_loops_ring, shapermc_ecumenical_altar_petra
D:4:      layout_rooms
D:5:      layout_layer_cave, grunt_temple_overflow_champion_of_chaos,
          kennysheep_generic_room_8

Skill      XL: |  1  2  3  4  5  6 |
---------------+-------------------+-----
Axes           | 2 3 |  3.5
Armour         | 3 4 |  4.1
Dodging        | 1 2 |  2.9
Shields        | 3 4 |  4.1
Fighting       | 4 |  4.5

Action                   |  1- 3 |  4- 6 |  7- 9 || total
-------------------------+-------+-------+-------++-------
Melee: War axe           |    79 |   200 |    14 ||   293
  Use: Scroll            |     2 |     5 |       ||     7
       Potion            |       |     2 |       ||     2
 Stab: Invisible         |       |     1 |       ||     1
Armor: Scale mail        |     7 |       |       ||     7
       Chain mail        |    44 |   136 |     6 ||   186
Dodge: Dodged            |    31 |    87 |     2 ||   120
Block: Buckler           |    20 |    53 |    11 ||    84
